 Dungeon Crawl Stone Soup version 0.23.1 (webtiles) character file.

Game seed: 4225012338224476540

83 Kairos the Shield-Bearer (level 4, -12/24 HPs)
             Began as a Vine Stalker Fighter on Mar 6, 2019.
             Killed by nerve-wracking pain
             ... invoked by an orc priest
              (14 damage)
             ... on level 3 of the Dungeon.
             The game lasted 00:02:09 (1292 turns).

Kairos the Shield-Bearer (Vine Stalker Fighter)     Turns: 1292, Time: 00:02:11

Health: -12/24     AC: 12    Str: 20    XL:     4   Next: 44%
Magic:  0/5        EV:  7    Int:  8    God:
Gold:   95         SH:  9    Dex: 13    Spells: 3/3 levels left

rFire    . . .     SeeInvis .   a - +0 war axe
rCold    . . .     Gourm    .   c - +0 shield
rNeg     . . .     Faith    .   b - +1 scale mail
rPois    .         Spirit   +   (no helmet)
rElec    .         Reflect  .   r - +2 cloak
rCorr    .         Harm     .   (no gloves)
MR       +....                  o - +0 pair of boots
Stlth    ..........             (no amulet)
HPRegen  0.48/turn              j - ring of protection from magic
MPRegen  0.09/turn              (no ring)

@: no status effects
A: fangs 2, regeneration 1, magic shield, antimagic bite, no potion heal 3, rot
immunity
a: no special abilities


You were on level 3 of the Dungeon.
You were hungry.

You visited 1 branch of the dungeon, and saw 3 of its levels.

You collected 95 gold pieces.

Inventory:

Hand Weapons
 a - a +0 war axe (weapon)
Armour
 b - a +1 scale mail (worn)
 c - a +0 shield (worn)
 o - a +0 pair of boots (worn)
 r - a +2 cloak (worn)
Jewellery
 j - a ring of protection from magic (left hand)
Scrolls
 e - 4 scrolls of fog
 h - a scroll of remove curse
 l - a scroll of magic mapping {unknown}
 m - 3 scrolls of teleportation
 n - a scroll of blinking {unknown}
Potions
 d - 2 potions of might
 k - a potion of curing
Comestibles
 f - 3 rations


   Skills:
 + Level 3.0 Fighting
 + Level 2.6 Axes
 + Level 2.8 Armour
 + Level 0.7 Dodging
 + Level 3.2 Shields


You had 3 spell levels left.
You didn't know any spells.
Your spell library was empty.

Dungeon Overview and Level Annotations

Branches:
Dungeon (3/15)

Altars:
Elyvilon
The Shining One


Innate Abilities, Weirdness & Mutations

You have extremely sharp teeth.
Your natural rate of healing is unusually fast.
When hurt, damage is shared between your health and your magic reserves.
Your bite disrupts and absorbs the magic of your enemies.
Potions cannot restore your health.
You are immune to rotting.


Message History

* * * LOW HITPOINT WARNING * * *
You block the orc's attack. You block the kobold's attack.
The orc priest barely misses you.
You hit the orc priest but do no damage.
The orc priest is heavily wounded.
You barely miss the kobold.
You hit the orc priest but do no damage.
You hit the orc.
You kill the orc!
The orc priest hits you but does no damage.
The kobold barely misses you. You block the orc priest's attack.
The orc priest hits you but does no damage.
You hit the orc priest.
The orc priest is severely wounded.
You hit the leopard gecko. You hit the orc priest. You barely miss the kobold.
The kobold hits you but does no damage. The leopard gecko barely misses you.
The orc priest calls down the wrath of Beogh upon you.
Pain shoots through your body!
Ouch! That really hurt!
You die...

.. #.. #......... #
#.###.. #........(
#.#.....# .##.........
#.#.....##.##.........
##+..........<.........#
..........#..##.........
#.........#.###Kol......
#.......>.#.@o......
.##...................
.......................
###............!......#
............<..#.....##
###.##.........#######
... #.........# ##..
#.........# #
#.........#


You could see 2 orc priests, a leopard gecko and a kobold.

Vanquished Creatures
  2 adders (D:2)
  An ooze (D:2)
  2 dart slugs (D:1)
  5 leopard geckos
  3 orcs (D:3)
  A ball python (D:1)
  5 bats
  6 goblins
  5 hobgoblins
  5 frilled lizards
  8 kobolds
  7 rats
50 creatures vanquished.

Notes
Turn   | Place    | Note
-------+----------+-------------------------------------------
     0 | D:1      | Kairos the Vine Stalker Fighter began the quest for the
                  | Orb.
     0 | D:1      | Reached XP level 1. HP: 11/11 MP: 2/2
    96 | D:1      | Reached XP level 2. HP: 10/16 MP: 3/3
   278 | D:1      | Reached XP level 3. HP: 18/19 MP: 4/4
   794 | D:2      | Found a glowing golden altar of the Shining One.
   861 | D:2      | Gained mutation: Your natural rate of healing is unusually
                  | fast. [Vine Stalker growth]
   861 | D:2      | Reached XP level 4. HP: 18/24 MP: 5/5
  1025 | D:2      | Found a white marble altar of Elyvilon.
  1290 | D:3      | HP: 1/24 [orc priest/+0 club (3)]
  1292 | D:3      | Killed from afar by an orc priest

Skill      XL: |  1  2  3 |
---------------+----------+-----
Shields        | 3 |  3.2
Axes           | 2 |  2.6
Fighting       | 3 |  3.0
Armour         | |  2.8
Dodging        | |  0.7

Action                   |  1- 3 |  4- 6 || total
-------------------------+-------+-------++-------
Melee: War axe           |   111 |    26 ||   137
       Bite              |    24 |     7 ||    31
  Use: Scroll            |     4 |     4 ||     8
       Potion            |     1 |       ||     1
  Eat: Chunk             |       |     1 ||     1
Armor: Scale mail        |    62 |    16 ||    78
Dodge: Dodged            |    54 |    10 ||    64
Block: Shield            |    60 |    13 ||    73
